 Dungeon Crawl Stone Soup version 0.18.1-47-g9310371 (webtiles) character file.

185 Apert the Skirmisher (level 5, -1/47 HPs)
             Began as a Hill Orc Fighter on June 22, 2016.
             Was an Initiate of Ru.
             Slain by a gnoll sergeant
             ... wielding a +3 spear of distortion
             ... created by the fury of Okawaru
              (12 damage)
             ... on level 2 of the Dungeon.
             The game lasted 00:21:16 (1848 turns).

Apert the Skirmisher (Hill Orc Fighter)             Turns: 1848, Time: 00:21:16

Health: -1/47      AC:  9    Str: 25    XL:     5   Next: 64%
Magic:  5/5        EV:  8    Int:  8    God:    Ru [......]
Gold:   87         SH: 10    Dex: 10    Spells: 0 memorised, 4 levels left

rFire  . . .     SeeInvis .     a - +0 war axe
rCold  . . .     Gourm    .     b - +0 scale mail
rNeg   . . .     Faith    .     c - +0 shield
rPois  .         Spirit   .     n - +0 helmet
rElec  .         Dismiss  .     s - +0 cloak
rCorr  .         Reflect  .     (no gloves)
SustAt .         Harm     .     (no boots)
MR     .....                    (no amulet)
Stlth  ..........               (no ring)
                                q - ring of wizardry

@: mighty, not resistant to hostile enchantments, extremely unstealthy
A: no striking features
a: Renounce Religion


You were on level 2 of the Dungeon.
You worshipped Ru.
Ru was noncommittal.
You were hungry.

You visited 1 branch of the dungeon, and saw 3 of its levels.

You collected 87 gold pieces.

Inventory:

Hand Weapons
 a - a +0 war axe (weapon)
 t - a +3 quarterstaff of chaos
Missiles
 e - 74 stones
 j - 8 javelins (quivered)
Armour
 b - a +0 scale mail (worn)
 c - a +0 shield (worn)
 n - a +0 helmet (worn)
 s - a +0 cloak (worn)
Jewellery
 q - a ring of wizardry (left hand)
Scrolls
 g - 2 scrolls of random uselessness {unknown}
 k - 3 scrolls of identify {unknown}
 l - a scroll of fog {unknown}
 m - 2 scrolls of fear
 p - a scroll of enchant weapon {unknown}
 u - a scroll of recharging {unknown}
 w - a scroll of teleportation {unknown}
 y - a scroll of noise {unknown}
 z - a scroll of remove curse {unknown}
 A - a scroll of magic mapping {unknown}
Potions
 d - 3 potions of might
 v - 2 potions of mutation {unknown}
 x - 2 potions of curing {unknown}
Comestibles
 f - a bread ration
 h - 8 chunks of flesh
 i - a royal jelly
 o - 2 meat rations
 r - 2 slices of pizza
 B - 3 inedible chunks of flesh
 C - 6 fruits


   Skills:
 + Level 4.6 Fighting
 + Level 4.4 Axes
 + Level 0.1 Throwing
 + Level 4.1 Armour
 + Level 1.2 Dodging
 + Level 4.1 Shields


You had 4 spell levels left.
You didn't know any spells.

Dungeon Overview and Level Annotations

Branches:
Dungeon (3/15)

Altars:
Okawaru
Ru
Yredelemnul


Message History

As you read the scroll of fear, it crumbles to dust.
You assume a fearsome visage.
The orc looks frightened!
The gnoll sergeant looks frightened!
The gnoll looks frightened! x5
The gnoll sergeant looks frightened!
The gnoll looks frightened! x3
You slash the gnoll!
You kill the gnoll!
That felt strangely unrewarding.
You slash the gnoll!
Your attack snaps the gnoll out of its fear.
The gnoll is severely wounded.
You hit the gnoll sergeant.
Your attack snaps the gnoll sergeant out of its fear.
The gnoll sergeant is lightly wounded.
You slash the gnoll sergeant!
Your attack snaps the gnoll sergeant out of its fear.
The gnoll sergeant is moderately wounded.
The gnoll sergeant hits you with a trident of venom!
* * * LOW HITPOINT WARNING * * *
The gnoll sergeant hits you but does no damage.
Space warps horribly around you!
You die...

###########.#
#........##.############
#.######.##o#...........
#.# #.##.#.########## #.#
#g##.#.########## #.#
#g##.#.........## #.#
##.##.#########.## #.#
#gg.gg...oo..<#.## #.#
#@g##.#.###.#.#.## #.#
#..##.#.###.#.#.## #.#
#..g......).......
#.#####.o##.#.##..g.#.##
#.#......##.#.....#...##
#.......###.#..#...(..##
#####.#######.#..#...g..##
#.............#..#.###..#.
#............o#..#.# ###..


You could see 2 gnoll sergeants, 6 gnolls and an orc (fleeing).

Vanquished Creatures
  Crazy Yiuf (D:2)
  4 gnolls (D:2)
  5 adders
  A river rat (D:3)
  2 oozes
  3 worms
  A dart slug (D:2)
  A giant gecko (D:3)
  3 orcs
  9 giant cockroaches
  8 goblins
  9 hobgoblins
  2 jackals (D:2)
  7 kobolds
  2 ball pythons (D:3)
  7 bats
  4 giant newts
  6 rats
75 creatures vanquished.

Notes
Turn   | Place    | Note
--------------------------------------------------------------
     0 | D:1      | Apert the Hill Orc Fighter began the quest for the Orb.
     0 | D:1      | Reached XP level 1. HP: 19/19 MP: 1/1
    54 | D:1      | You fall through a shaft!
    72 | D:2      | Reached XP level 2. HP: 18/27 MP: 2/2
   510 | D:3      | Reached XP level 3. HP: 28/33 MP: 3/3
   591 | D:2      | Reached XP level 4. HP: 34/40 MP: 4/4
   714 | D:2      | Noticed Crazy Yiuf
   722 | D:2      | Killed Crazy Yiuf
   852 | D:2      | Reached skill level 1 in Dodging
   852 | D:2      | Reached XP level 5. HP: 33/46 MP: 5/5
  1065 | D:2      | Found a basalt altar of Yredelemnul.
  1226 | D:2      | Found an iron altar of Okawaru.
  1239 | D:2      | Became a worshipper of Warmaster Okawaru
  1542 | D:3      | Found a sacrificial altar of Ru.
  1551 | D:3      | Fell from the grace of Okawaru
  1551 | D:3      | Became a worshipper of Ru the Awakened
  1832 | D:2      | Noticed an orc warrior
  1848 | D:2      | Slain by a gnoll sergeant

Skill      XL: |  1  2  3  4 |
---------------+-------------+-----
Axes           | 3 4 |  4.4
Armour         | 4 |  4.1
Fighting       | 4 |  4.6
Shields        | 4 |  4.1
Dodging        | 1 |  1.2
Throwing       | |  0.1

Action                   |  1- 3 |  4- 6 || total
-------------------------+-------+-------++-------
Melee: War axe           |    87 |   138 ||   225
Throw: Javelin           |     2 |     6 ||     8
  Use: Scroll            |       |     2 ||     2
       Potion            |       |     1 ||     1
  Eat: Chunk             |       |     3 ||     3
Armor: Scale mail        |    51 |    61 ||   112
Dodge: Dodged            |    27 |    45 ||    72
Block: Shield            |    45 |    71 ||   116
